 Dungeon Crawl Stone Soup version 0.31-a0-233-g139696dc86 (webtiles) character file.

Game seed: 16200739495717310043

37 qw the Shooter (level 3, -2/29 HPs)
             Began as a Minotaur Hexslinger on July 7, 2023.
             Killed from afar by Sigmund (5 damage)
             ... with a magic dart
             ... on level 2 of the Dungeon.
             The game lasted 00:00:23 (806 turns).

qw the Shooter (Minotaur Hexslinger)                 Turns: 806, Time: 00:00:23

Health: -2/29      AC:  3    Str: 12    XL:     3   Next: 23%
Magic:  3/3        EV: 12    Int: 10    God:
Gold:   34         SH:  0    Dex: 14    Spells: 3/4 levels left

rFire   . . .        Y - +1 sling
rCold   . . .        (no shield)
rNeg    . . .        c - +0 robe
rPois   .            (helmet restricted)
rElec   .            (no cloak)
rCorr   .            j - +0 pair of gloves
SInv    .            (no boots)
Will    .....        (no amulet)
Stlth   +            (no ring)
HPRegen 0.24/turn    (no ring)
MPRegen 0.08/turn

%: no passive effects
@: no status effects
A: horns 2, retaliatory headbutt
a: no special abilities


You were on level 2 of the Dungeon.
You visited 1 branch of the dungeon, and saw 2 of its levels.

You collected 34 gold pieces.


Innate Abilities, Weirdness & Mutations

You have a pair of horns on your head.
You reflexively headbutt those who attack you in melee.


   Skills:
 - Level 2.0 Fighting
 + Level 3.8 Ranged Weapons
 - Level 2.1 Dodging
 - Level 1.0 Spellcasting
 - Level 2.0 Hexes


You had 3 spell levels left.
You knew the following spells:

 Your Spells              Type           Power      Damage    Failure   Level
a - Slow                  Hex            16%        N/A       16%         1

Your spell library contained the following spells:

 Spells                   Type           Power      Damage    Failure   Level
 Inner Flame              Hex/Fire       2%         N/A       56%         3
 Portal Projectile        Hex/Tloc       4%         N/A       56%         3
 Cause Fear               Hex            2%         N/A       83%         4

Inventory:

Hand Weapons
 Y - a +1 sling (weapon)
Armour
 c - a +0 robe (worn)
 j - a +0 pair of gloves (worn)
Jewellery
 a - the ring of the Coward {*Corrode rF++ rC- Will+++ AC+4}
   (You acquired it on level 2 of the Dungeon)

   [ring of protection]

   AC:        It affects your AC (+4).
   rF:        It greatly protects you from fire.
   rC:        It makes you vulnerable to cold.
   *Corrode:  It may corrode you when you take damage.
   Will:      It greatly increases your willpower.
Scrolls
 f - 2 scrolls of identify
Potions
 d - a potion of curing
 e - a potion of ambrosia {unknown}
 i - a potion of invisibility {unknown}
 k - a potion of lignification {unknown}

Dungeon Overview and Level Annotations

Branches:
Dungeon (2/15)

Altars:

Annotations:
D:2 Sigmund


Message History

a - the ring of the Coward {*Corrode rF++ rC- Will+++ AC+4}
Things that are here:
a scroll of poison; a ring of magical power
Enter note:
Enter note:
There is an open door here.
You open the door. You open the door.
There is an open door here.
Sigmund the Dreaded comes into view.
He is wielding a +0 scythe and carrying a wand of flame (24).
Sigmund zaps a wand.
The puff of flame misses you.
Enter note:
Enter note:
Enter note:
Enter note: You shoot a sling bullet.
The sling bullet hits Sigmund.
Sigmund is lightly wounded.
You hear an angry hiss.
Sigmund mumbles some strange words.
Sigmund flickers and vanishes!
Deactivating autopickup; reactivate with Ctrl-A.
An adder comes into view.
You shoot a sling bullet. Something hits you!
You shoot a sling bullet.
You hear a zap.
A puff of flame appears from out of thin air!
The puff of flame hits you.
You shoot a sling bullet. Something hits you but does no damage.
You shoot a sling bullet. The sling bullet hits the adder.
The adder is moderately wounded.
You shoot a sling bullet.
The sling bullet hits the adder but does no damage.
The adder is moderately wounded.
Something hits you!
You shoot a sling bullet.
A magic dart appears from out of thin air!
The magic dart hits you.
You die...

.^.....##.## .########.#
. .# #.# #. .# ##'## ..
.# ##...## .# ##
##.....## .# # ##
##.......## .#.##
.####.........###....###
...?'.%.......'.@.......
.####..<......###....###
## ##.......## {#.## #
##.....## S. .. #
##...## .## #.# ## ##'##
.. # .##### #.# ..
.....# #.# .. .###.#
##.##


You could see an adder.

Vanquished Creatures
  A worm (D:2)
  A dart slug (D:1)
  5 ball pythons
  An endoplasm (D:2)
  A giant cockroach (D:2)
  2 goblins (D:1)
  4 hobgoblins
  3 jackals (D:2)
  A quokka (D:1)
  A bat (D:1)
  A frilled lizard (D:1)
  5 kobolds
  A rat (D:1)
27 creatures vanquished.

Notes
Turn   | Place    | Note
-------+----------+-------------------------------------------
     0 | D:1      | qw the Minotaur Hexslinger began the quest for the Orb.
     0 | D:1      | Reached XP level 1. HP: 16/16 MP: 1/1
     0 | D:1      | 0 ||| qw: Version: 0.3-a-46-gb1f654a
     0 | D:1      | 0 ||| qw: Game counter: 3195
     0 | D:1      | 0 ||| qw: Melee chars always use a shield: true
     0 | D:1      | 0 ||| qw: God list: Okawaru
     0 | D:1      | 0 ||| qw: Allow faded altars: false
     0 | D:1      | 0 ||| qw: Do Orc after clearing Dungeon:15 true
     0 | D:1      | 0 ||| qw: Do second Lair branch before Depths: true
     0 | D:1      | 0 ||| qw: Lair rune preference: random
     0 | D:1      | 0 ||| qw: Goals: Normal
     0 | D:1      | 0 ||| PLANNING D:1-11
   131 | D:1      | 131 ||| FLEEEEING.
   135 | D:1      | Reached skill level 3 in Ranged Weapons
   138 | D:1      | Reached XP level 2. HP: 23/23 MP: 2/2
   222 | D:1      | You fall into a shaft and drop 1 floor!
   473 | D:2      | Reached XP level 3. HP: 28/29 MP: 3/3
   512 | D:2      | 512 ||| UPGRADING to +0 pair of gloves.
   517 | D:2      | 517 ||| DROPPING ring of magical power.
   518 | D:2      | 518 ||| READING scroll labelled JOLATO TASSU.
   518 | D:2      | Identified a scroll of acquirement
   518 | D:2      | 518 ||| ACQUIRING ring of the Coward {*Corrode rF++ rC-
                  | Will+++ AC+4}
   518 | D:2      | Acquired the ring of the Coward {*Corrode rF++ rC- Will+++
                  | AC+4}
   519 | D:2      | 519 ||| READING scroll labelled GODYUTRIODO.
   520 | D:2      | 520 ||| DRINKING 2 brown potions.
   521 | D:2      | 521 ||| DROPPING scroll of poison.
   732 | D:1      | 732 ||| READING scroll labelled DITUUB HUILU.
   733 | D:1      | 733 ||| READING scroll labelled KASYURU ROIF.
   799 | D:2      | Noticed Sigmund
   805 | D:2      | HP: 3/29 [something (12)]
   806 | D:2      | Killed from afar by Sigmund

Levels and vault maps discovered:
D:1:      dpeg_arrival_simpleton_c, layout_rooms,
          nicolae_concentric_dashed_squares_wild
D:2:      layout_loops_corners, uniq_sigmund

Skill      XL: |  1  2 |
---------------+-------+-----
Ranged Weapons | 3 |  3.8
Fighting       | 2 |  2.0
Dodging        | |  2.1
Spellcasting   | |  1.0
Hexes          | |  2.0

Action                     || total
---------------------------++-------
   Fire: Sling             ||    95
    Use: Scroll            ||     4
         Potion            ||     1
 Armour: Robe              ||     6
  Dodge: Dodged            ||    17

Table legend:
 A = Non-vault XP
 B = Vault XP
 C = Vault XP percentage of total XP
 D = Non-vault monster count
 E = Vault monster count
 F = Vault count percentage of total count
                 A         B        C        D         E       F
            +---------+---------+-------+---------+---------+-------
      Total |      54 |       0 |   0.0 |      27 |       0 |   0.0
            +---------+---------+-------+---------+---------+-------
        D:1 |      31 |       0 |   0.0 |      17 |       0 |   0.0
        D:2 |      23 |       0 |   0.0 |      10 |       0 |   0.0
            +---------+---------+-------+---------+---------+-------
